 Dungeon Crawl Stone Soup version 0.25-a0-339-gb37b713d4c (webtiles) character file.

Game seed: 7299920897666327734, levelgen mode: deterministic

97 night the Magician (level 4, 0/32 HPs)
             Began as a Gnoll Wizard on Dec 28, 2019.
             Slain by a goblin (1 damage)
             ... led by Robin
             ... on level 3 of the Dungeon.
             The game lasted 00:06:55 (3286 turns).

night the Magician (Gnoll Wizard)                   Turns: 3286, Time: 00:06:55

Health: 0/32       AC:  6    Str: 10    XL:     4   Next: 68%
Magic:  4/13       EV: 12    Int: 21    God:
Gold:   113        SH:  0    Dex: 13    Spells: 9/17 levels left

rFire    . . .     SeeInvis .   a - +0 short sword
rCold    . . .     Gourm    .   (no shield)
rNeg     . . .     Faith    .   o - +1 ring mail {MR+}
rPois    .         Spirit   .   j - +0 hat
rElec    .         Reflect  .   (no cloak)
rCorr    .         Harm     .   (no gloves)
MR       +....                  (no boots)
Stlth    ++........             f - amulet of inaccuracy (curse)
HPRegen  0.10/turn              (no ring)
MPRegen  0.13/turn              (no ring)

@: very slightly contaminated
A: distributed training, fangs 1, strong nose
a: no special abilities


You were on level 3 of the Dungeon.
You were very hungry.

You visited 1 branch of the dungeon, and saw 3 of its levels.

You collected 113 gold pieces.

Inventory:

Hand Weapons
 a - a +0 short sword (weapon)
 b - a +0 hunting sling
Missiles
 c - 6 poisoned darts
 m - 21 bolts
 n - 68 stones (quivered)
Armour
 j - a +0 hat (worn)
 o - a +1 ring mail of magic resistance (worn)
Jewellery
 f - a cursed amulet of inaccuracy (around neck)
Scrolls
 g - 2 scrolls of enchant armour {unknown}
 h - a scroll of teleportation {unknown}
 p - 2 scrolls of random uselessness {unknown}
Potions
 e - a potion of berserk rage
 i - a potion of haste
 l - a potion of heal wounds {unknown}
 q - 2 potions of might
Comestibles
 d - 6 rations
 k - a chunk of flesh


   Skills:
 + Level 1.2 Fighting
 + Level 1.2 Short Blades
 + Level 1.2 Long Blades
 + Level 1.2 Axes
 + Level 1.2 Maces & Flails
 + Level 1.2 Polearms
 + Level 1.2 Staves
 + Level 1.2 Slings
 + Level 1.2 Bows
 + Level 1.2 Crossbows
 + Level 1.2 Throwing
 + Level 1.2 Armour
 + Level 4.6 Dodging
 + Level 4.3 Stealth
 + Level 1.2 Shields
 + Level 1.2 Unarmed Combat
 + Level 7.2 Spellcasting
 + Level 2.2 Conjurations
 + Level 1.0 Hexes
 + Level 1.0 Charms
 + Level 2.2 Summonings
 + Level 1.0 Necromancy
 + Level 2.2 Translocations
 + Level 1.0 Transmutations
 + Level 1.0 Fire Magic
 + Level 1.0 Ice Magic
 + Level 1.0 Air Magic
 + Level 1.0 Earth Magic
 + Level 1.0 Poison Magic
 + Level 1.3 Invocations
 + Level 1.2 Evocations


You had 9 spell levels left.
You knew the following spells:

 Your Spells              Type           Power        Failure   Level  Hunger
a - Magic Dart            Conj           ###.         9%          1    None
b - Blink                 Tloc           N/A          13%         2    None
c - Mephitic Cloud        Conj/Pois/Air  ##......     36%         3    None
d - Call Imp              Summ           ###.....     13%         2    None

Your spell library contained the following spells:

 Spells                   Type           Power        Failure   Level  Hunger
 Slow                     Hex            ##......     22%         2    None
 Conjure Flame            Conj/Fire      ##......     32%         3    None


Dungeon Overview and Level Annotations

Branches:
Dungeon (3/15)

Altars:
Uskayaw
The Shining One

Annotations:
D:3 Robin


Innate Abilities, Weirdness & Mutations

Your experience applies equally to all skills.
You have very sharp teeth.
Your uncanny sense of smell can sniff out nearby items.


Message History

Attack!
Robin hits you from afar with a +2 trident of freezing.
Robin freezes you.
Your iron imp barely misses Robin.
Robin's horned helmet rattles.
Robin throws the goblin at you!
You closely miss the goblin. You bite the goblin, but do no damage.
The goblin misses you.
Your iron imp hits Robin.
Robin roars a battlecry!
You hit the goblin.
You kill the goblin!
Your iron imp hits Robin.
Robin hits you from afar with a +2 trident of freezing!
* * * LOW HITPOINT WARNING * * *
Robin freezes you.
* * * LOW HITPOINT WARNING * * *
Robin throws the goblin at you!
Your iron imp barely misses Robin.
Things that are here:
a +0 hunting sling; 14 stones; a goblin corpse The goblin hits you.
You die...

..##########
.g.ggg)÷)g†#
..########5#
#.# ##)##
#.g@#####
#)#...).#
#...###.####
####.......#
#.#####.#
#.######.#
#.####
.........#
#..).#
#.######.#
#.##.#
#.#####.##.#


You could see Robin, a goblin and a friendly iron imp.

Vanquished Creatures
  2 adders (D:2)
  An ooze (D:3)
  2 worms
  A dart slug (D:1)
  A leopard gecko (D:3)
  4 orcs (D:3)
  10 bats
  5 giant cockroaches
  10 goblins
  4 hobgoblins
  2 jackals (D:2)
  3 frilled lizards
  9 kobolds
  5 rats
59 creatures vanquished.

Vanquished Creatures (collateral kills)
  A goblin (D:3)
1 creature vanquished.

Vanquished Creatures (others)
  A plant (D:2)
1 creature vanquished.

Grand Total: 61 creatures vanquished

Notes
Turn   | Place    | Note
-------+----------+-------------------------------------------
     0 | D:1      | night the Gnoll Wizard began the quest for the Orb.
     0 | D:1      | Reached XP level 1. HP: 13/13 MP: 8/8
    95 | D:1      | Reached XP level 2. HP: 4/19 MP: 0/10
   347 | D:1      | Learned a level 2 spell: Blink
  1032 | D:1      | Reached XP level 3. HP: 25/25 MP: 3/11
  1628 | D:2      | Found a faded altar of an unknown god.
  1698 | D:2      | Learned a level 3 spell: Mephitic Cloud
  1701 | D:2      | Learned a level 2 spell: Call Imp
  1790 | D:2      | Reached skill level 1 in Invocations
  2116 | D:2      | Found a glowing golden altar of the Shining One.
  2135 | D:2      | Reached skill level 1 in Fighting
  2135 | D:2      | Reached skill level 1 in Short Blades
  2135 | D:2      | Reached skill level 1 in Long Blades
  2135 | D:2      | Reached skill level 1 in Axes
  2135 | D:2      | Reached skill level 1 in Maces & Flails
  2135 | D:2      | Reached skill level 1 in Polearms
  2135 | D:2      | Reached skill level 1 in Staves
  2135 | D:2      | Reached skill level 1 in Slings
  2135 | D:2      | Reached skill level 1 in Bows
  2135 | D:2      | Reached skill level 1 in Crossbows
  2135 | D:2      | Reached skill level 1 in Throwing
  2135 | D:2      | Reached skill level 1 in Armour
  2135 | D:2      | Reached skill level 1 in Shields
  2135 | D:2      | Reached skill level 1 in Unarmed Combat
  2135 | D:2      | Reached skill level 1 in Evocations
  2391 | D:2      | Found a hide-covered altar of Uskayaw.
  2468 | D:2      | Reached XP level 4. HP: 32/32 MP: 10/13
  3255 | D:3      | Noticed Robin
  3267 | D:3      | Reached skill level 1 in Hexes
  3267 | D:3      | Reached skill level 1 in Charms
  3267 | D:3      | Reached skill level 1 in Necromancy
  3267 | D:3      | Reached skill level 1 in Transmutations
  3267 | D:3      | Reached skill level 1 in Fire Magic
  3267 | D:3      | Reached skill level 1 in Ice Magic
  3267 | D:3      | Reached skill level 1 in Air Magic
  3267 | D:3      | Reached skill level 1 in Earth Magic
  3267 | D:3      | Reached skill level 1 in Poison Magic
  3284 | D:3      | HP: 1/32 [Robin/+2 trident of freezing (1)]
  3286 | D:3      | Slain by a goblin

Levels and vault maps discovered:
D:1:      noname_arrival_rooms_in_the_neighbourhood, layout_loops_ring,
          hangedman_glass_teeth, minivault_23, minmay_tetromino_i2
D:2:      layout_loops_corners, nicolae_overflow_hidden_temple,
          lemuel_coloured_pillars_altar, chequers_ecumenical_altar_simple_redux,
          serial_forest, infiniplex_forest_fountain,
          infiniplex_forest_lined_room_3, infiniplex_forest_3_way,
          infiniplex_forest_clump_diagonal, infiniplex_forest_lined_room_3,
          infiniplex_forest_clump_curved
D:3:      layout_loops_ring, first_ration, saegor_snake_ambush, uniq_ijyb,
          uniq_robin

Skill      XL: |  1  2  3  4 |
---------------+-------------+-----
Conjurations   | 2 |  2.2
Summonings     | 2 |  2.2
Translocations | 2 |  2.2
Invocations    | 1 |  1.3
Fighting       | 1 |  1.2
Short Blades   | 1 |  1.2
Long Blades    | 1 |  1.2
Axes           | 1 |  1.2
Maces & Flails | 1 |  1.2
Polearms       | 1 |  1.2
Staves         | 1 |  1.2
Slings         | 1 |  1.2
Bows           | 1 |  1.2
Crossbows      | 1 |  1.2
Throwing       | 1 |  1.2
Armour         | 1 |  1.2
Shields        | 1 |  1.2
Unarmed Combat | 1 |  1.2
Evocations     | 1 |  1.2
Hexes          | 1 |  1.0
Charms         | 1 |  1.0
Necromancy     | 1 |  1.0
Transmutations | 1 |  1.0
Fire Magic     | 1 |  1.0
Ice Magic      | 1 |  1.0
Air Magic      | 1 |  1.0
Earth Magic    | 1 |  1.0
Poison Magic   | 1 |  1.0
Dodging        | |  4.6
Stealth        | |  4.3
Spellcasting   | |  7.2

Action                   |  1- 3 |  4- 6 || total
-------------------------+-------+-------++-------
Melee: Unarmed           |    66 |       ||    66
       Bite              |    22 |     1 ||    23
       Short sword       |    92 |    22 ||   114
 Cast: Magic Dart        |    53 |    57 ||   110
       Blink             |     2 |       ||     2
       Call Imp          |       |     1 ||     1
  Use: Scroll            |     3 |     1 ||     4
       Potion            |       |     2 ||     2
 Stab: Sleeping          |     4 |       ||     4
  Eat: Chunk             |     5 |     1 ||     6
Armor: Robe              |    42 |       ||    42
       Ring mail         |     4 |    19 ||    23
Dodge: Dodged            |   120 |    28 ||   148

Table legend:
 A = Non-vault XP
 B = Vault XP
 C = Vault XP percentage of total XP
 D = Non-vault monster count
 E = Vault monster count
 F = Vault count percentage of total count
                 A         B        C        D         E       F
            +---------+---------+-------+---------+---------+-------
      Total |     123 |      16 |  11.5 |      50 |      10 |  16.7
            +---------+---------+-------+---------+---------+-------
        D:1 |      35 |       2 |   5.4 |      20 |       2 |   9.1
        D:2 |      49 |       0 |   0.0 |      14 |       0 |   0.0
        D:3 |      39 |      14 |  26.4 |      16 |       8 |  33.3
            +---------+---------+-------+---------+---------+-------
